 Dungeon Crawl Stone Soup version 0.30.1-11-g7821555f0a (webtiles) character file.

Game seed: 6864755269249898121

203 Spock the Sneak (level 5, -6/20 (22) HPs)
             Began as a Felid Venom Mage on Dec 22, 2023.
             Was an Initiate of Hepliaklqana.
             Mangled by a wight
             ... wielding a +2 great sword of freezing
              (8 damage)
             ... on level 4 of the Dungeon.
             The game lasted 00:10:57 (2194 turns).

Spock the Sneak (Felid Venom Mage)                  Turns: 2194, Time: 00:10:59

HP:   -6/20 (22)    AC:  1    Str:  6    XL:     5   Next: 51%
MP:   10/10         EV: 18    Int: 16    God:    Hepliaklqana [......]
Gold: 189           SH:  0    Dex: 17    Spells: 3/9 levels left
                                        Lives: 0   Deaths: 1

rFire   . .          .
                       - Unarmed
rCold   . . .        (shield unavailable)
rNeg    . . .        (body armour unavailable)
rPois   .            (helmet unavailable)
rElec   .            (cloak unavailable)
rCorr   .            (gloves unavailable)
SInv    +            (boots unavailable)
Will    .....        b - amulet of regeneration
Stlth   +++          (no ring)
HPRegen 1.03/turn    (no ring)
MPRegen 0.12/turn

%: no passive effects
@: drained, invisible, quick
A: very small, claws 1, fangs 3, see invisible, speed 1, shaggy fur 1, stealthy
paws, no weapons or thrown items, no armour, multi-lived
a: Renounce Religion


You were on level 4 of the Dungeon.
You worshipped Hepliaklqana.
Hepliaklqana was noncommittal.
You visited 1 branch of the dungeon, and saw 4 of its levels.

You collected 189 gold pieces.

Inventory:

Jewellery
 a - a +5 ring of evasion
 b - an amulet of regeneration (around neck)
Scrolls
 e - a scroll of poison
 h - a scroll of magic mapping
Potions
 d - a potion of lignification
 g - a potion of brilliance


   Skills:
 * Level 1.4 Fighting
 * Level 3.3 Dodging
 * Level 3.9 Stealth
 * Level 1.3 Unarmed Combat
 * Level 2.7 Spellcasting
 * Level 1.0 Conjurations
 * Level 2.0 Transmutations
 * Level 1.2 Air Magic
 * Level 3.5 Poison Magic
 * Level 0.6 Invocations
 * Level 1.2 Evocations


You had 3 spell levels left.
You knew the following spells:

 Your Spells              Type           Power      Damage    Failure   Level
a - Sting                 Tmut/Pois      44%        1d5       6%          1
b - Poisonous Vapours     Pois/Air       18%        N/A       11%         2
c - Mephitic Cloud        Conj/Pois/Air  8%         N/A       26%         3

Your spell library contained the following spells:

 Spells                   Type           Power      Damage    Failure   Level
 Magic Dart               Conj           20%        1d4       13%         1
 Searing Ray              Conj           10%        2d4       19%         2
 Olgreb's Toxic Radiance  Pois           13%        N/A       41%         4
 Fulminant Prism          Conj/Hex       1%         3d5       83%         4


Dungeon Overview and Level Annotations

Branches:
Dungeon (4/15)
 Temple: D:4-7

Altars:
Hepliaklqana
Ru
Uskayaw
Wu Jian
Zin

Shops:
D:4 =


Innate Abilities, Weirdness & Mutations

You have sharp claws.
You have razor-sharp teeth.
You have supernaturally acute eyesight. (SInv)
You cover ground quickly. (Speed+)
You are covered in fur. (AC +1)
Your paws help you pounce on unaware monsters.
You are incapable of wielding weapons or throwing items.
You cannot wear armour.
You gain extra lives every three experience levels.


Message History

You start resting.
Magic restored.
An endoplasm comes into view.
You see here 19 gold pieces.
You now have 189 gold pieces (gained 19).
Aiming: Sting (safe; 6% risk of failure)
Press: ? - help, Q - select action, (/) - cycle Shift-Dir - straight line, f - endoplasm
Aim: an endoplasm (wandering, hasn't noticed you, 98% to hit)
The sting hits the endoplasm.
The endoplasm partially resists.
The endoplasm is poisoned.
The endoplasm is lightly wounded.
You scratch the endoplasm.
You kill the endoplasm!
You fade into invisibility!
The wight barely misses you.
You scratch the wight but do no damage. The wight misses you.
You scratch the wight but do no damage. The wight misses you.
You catch the helpless wight completely off-guard!
You scratch the wight.
The wight is moderately damaged.
The wight closely misses you.
You barely miss the wight. You bite the wight, but do no damage.
The wight is moderately damaged.
The wight completely misses you.
You scratch the wight but do no damage. You bite the wight, but do no damage.
The wight is moderately damaged.
The wight misses you.
You scratch the wight but do no damage.
The wight is moderately damaged.
The wight completely misses you.
You scratch the wight but do no damage.
The wight is moderately damaged.
The wight closely misses you.
You scratch the wight but do no damage.
The wight is moderately damaged.
The wight hits you with a +2 great sword of freezing!!
Ouch! That really hurt!
* * * LOW HITPOINT WARNING * * *
You feel drained.
You die...

#..† #.........# .. #...
#......$..#.. . #.#.
#.........#. .. #.#.
..........' ... #...
.........#.. ###. #.......
.... #.....################
#....@z.............lz
...#.....################
............# ##
#..#.####...############.
.><....................#.
####.####...##########.'.
#........# #....'.
###########.....)..#####....'.
....................).......#.


You could see a wight (unable to see you).

Vanquished Creatures
  2 wights (D:4)
  A howler monkey (D:4)
  A jelly (D:4)
  An iguana (D:4)
  2 adders
  A worm (D:3)
  3 orcs
  2 bats
  4 endoplasms
  7 goblins
  4 hobgoblins
  5 quokkas
  6 ball pythons
  2 frilled lizards
  4 kobolds
  A rat (D:1)
46 creatures vanquished.

Notes
Turn   | Place    | Note
-------+----------+-------------------------------------------
     0 | D:1      | Spock the Felid Venom Mage began the quest for the Orb.
     0 | D:1      | Reached XP level 1. HP: 7/7 MP: 4/4
   360 | D:1      | Reached XP level 2. HP: 11/11 MP: 0/6
   378 | D:1      | Learned a level 2 spell: Poisonous Vapours
   678 | D:2      | Reached XP level 3. HP: 12/15 MP: 0/7
   754 | D:2      | Learned a level 3 spell: Mephitic Cloud
   794 | D:3      | Found a hide-covered altar of Uskayaw.
  1198 | D:3      | Found a glowing silver altar of Zin.
  1269 | D:4      | Reached XP level 4. HP: 17/18 MP: 8/8
  1412 | D:4      | Reached skill level 1 in Fighting
  1559 | D:4      | Found an ornate altar of the Wu Jian Council.
  1560 | D:4      | Found a hazy altar of Hepliaklqana.
  1656 | D:4      | Became a worshipper of Hepliaklqana the Forgotten
  1677 | D:4      | Reached skill level 1 in Unarmed Combat
  1677 | D:4      | Found Efanuyti's Jewellery Shop.
  1831 | D:4      | Mangled by a wight
  1832 | D:4      | Reached XP level 3. HP: -6/14 MP: 7/7
  1844 | D:4      | Noticed a wight
  1846 | D:4      | Noticed a wight
  1851 | D:4      | Killed a wight
  1852 | D:4      | Reached skill level 1 in Air Magic
  1852 | D:4      | Reached skill level 1 in Evocations
  1852 | D:4      | Reached XP level 4. HP: 17/19 MP: 7/9
  1960 | D:4      | Found a sacrificial altar of Ru.
  2009 | D:4      | Reached XP level 5. HP: 7/22 MP: 7/10
  2096 | D:4      | Reached skill level 1 in Conjurations
  2194 | D:4      | Mangled by a wight

Illustrated notes

Levels and vault maps discovered:
D:1:      onia_arrival_pyramid, layout_basic,
          hellmonk_ecumenical_altar_slurped_away, minmay_hedge_maze,
          st_stairs_2, dk_noncrumbling_2, minmay_tetromino_t4
D:2:      kennysheep_the_goblin_king, layout_basic, hex_medium
D:3:      layout_loops_cross, lemuel_round_altar, zin_treasury
D:4:      layout_basic, mainiacjoe_overflow_alcove_4,
          mainiacjoe_overflow_divided_tiny, st_stairs_5, nicolae_stop_n_shop_2

Skill      XL: |  1  2  3  4  5 |
---------------+----------------+-----
Poison Magic   | 3 |  3.5
Stealth        | 3 |  3.9
Fighting       | 1 |  1.4
Dodging        | 3 |  3.3
Unarmed Combat | 1 |  1.3
Air Magic      | 1 |  1.2
Evocations     | 1 |  1.2
Conjurations   | 1 |  1.0
Transmutations | 2 |  2.0
Spellcasting   | |  2.7
Invocations    | |  0.6

Action                     |  1- 3 |  4- 6 || total
---------------------------+-------+-------++-------
  Melee: Unarmed           |    53 |    35 ||    88
         Bite              |     8 |     4 ||    12
         Punch             |     1 |       ||     1
   Cast: Sting             |    38 |    10 ||    48
         Poisonous Vapours |     5 |     7 ||    12
         Mephitic Cloud    |       |     3 ||     3
  Evoke: Wand              |     8 |     9 ||    17
    Use: Scroll            |     7 |     2 ||     9
         Potion            |     3 |     4 ||     7
   Stab: Sleeping          |     2 |     3 ||     5
         Invisible         |     2 |     1 ||     3
         Confused          |       |     1 ||     1
 Armour: Skin              |     3 |     3 ||     6
  Dodge: Dodged            |    77 |    27 ||   104
